 Dungeon Crawl Stone Soup version 0.17-a0-2024-gc284f19 (webtiles) character file.

100 Adamkad1 the Covered (level 4, -6/41 HPs)
             Began as a Minotaur Fighter on Oct 10, 2015.
             Mangled by Adamkad1's ghost (12 damage)
             ... on level 4 of the Dungeon.
             The game lasted 00:08:24 (2491 turns).

Adamkad1 the Covered (Minotaur Fighter)             Turns: 2491, Time: 00:08:24

Health: -6/41      AC: 14    Str: 22    XL:     4   Next: 47%
Magic:  3/3        EV:  4    Int:  5    God:
Gold:   76         SH: 10    Dex:  9    Spells: 0 memorised, 3 levels left

rFire  . . .     SeeInvis .     a - +1 war axe
rCold  . . .     Clarity  .     x - +0 plate armour
rNeg   . . .     SustAt   .     c - +1 shield
rPois  .         Gourm    .     (helmet restricted)
rElec  .         Spirit   .     j - +0 cloak
rCorr  .         Warding  .     r - +0 pair of gloves
rMut   .         Stasis   .     (no boots)
MR     +....                    p - amulet of faith
Stlth  ..........               k - ring of flight
                                i - ring of protection from magic

@: starving, somewhat resistant to hostile enchantments, extremely unstealthy
A: retaliatory headbutt, horns 2
a: Evoke Flight


You were on level 4 of the Dungeon.
You were starving.

You visited 1 branch of the dungeon, and saw 4 of its levels.

You collected 76 gold pieces.

Inventory:

Hand Weapons
 a - a +1 war axe (weapon)
Armour
 b - a +0 scale mail
 c - a +1 shield (worn)
 j - a +0 cloak (worn)
 r - a +0 pair of gloves (worn)
 x - a +0 plate armour (worn)
Jewellery
 i - a ring of protection from magic (left hand)
 k - a ring of flight (right hand)
 p - an amulet of faith (around neck)
Wands
 o - a wand of disintegration (11)
 A - a wand of slowing (35)
Scrolls
 f - 2 scrolls of enchant armour
 l - 4 scrolls of remove curse
 m - a scroll of teleportation
 q - 2 scrolls of identify {unknown}
 y - a scroll of blinking {unknown}
 z - 3 scrolls of recharging {unknown}
Potions
 d - a potion of might
 h - a potion of curing
 t - a potion of cure mutation
 w - a potion of brilliance {unknown}
Comestibles
 e - 3 bread rations
 g - 2 beef jerkies
 n - 3 meat rations
 u - a slice of pizza
 v - 3 fruits


   Skills:
 + Level 4.3 Fighting
 * Level 3.2 Axes
 * Level 4.8 Armour
 + Level 0.9 Dodging
 + Level 0.1 Stealth
 * Level 4.2 Shields


You had 3 spell levels left.
You didn't know any spells.

Dungeon Overview and Level Annotations

Branches:
Dungeon (4/15)
 Temple: D:4-7

Altars:
Gozag
Nemelex Xobeh
Okawaru

Annotations:
D:4 Adamkad1's ghost, amateur MiFi


Innate Abilities, Weirdness & Mutations

You reflexively headbutt those who attack you in melee.
You have a pair of horns on your head.


Message History

Adamkad1's ghost is lightly damaged.
You block Adamkad1's ghost's attack.
You hit Adamkad1's ghost.
Adamkad1's ghost is lightly damaged.
Adamkad1's ghost hits you. x2
You slash Adamkad1's ghost!
Adamkad1's ghost is moderately damaged.
Adamkad1's ghost hits you!
You hit Adamkad1's ghost.
Adamkad1's ghost is heavily damaged.
Adamkad1's ghost hits you but does no damage.
Adamkad1's ghost hits you.
Your shield and plate armour prevent you from hitting Adamkad1's ghost.
Adamkad1's ghost is heavily damaged.
You block Adamkad1's ghost's attack. Adamkad1's ghost hits you!
* * * LOW HITPOINT WARNING * * *
Adamkad1's ghost hits you but does no damage.
Adamkad1's ghost hits you!
You die...

############ ##
##.............
###.###.######.# #...#
#.......# ##
#######.#.###.###.##.....
#.......##...## #.##.....
#[#########@.####........
#.# #W.#.....#...(. #.#
#..#.###.# .... #.#
#..#.# .# .## #.# #..#.#
.# # #.# #..#.###.## #.#
#........... #.#
#.#...##.### #.# #..###.#


You could see Adamkad1's ghost.

Vanquished Creatures
  3 adders (D:2)
  An ooze (D:3)
  A worm (D:2)
  A giant gecko (D:2)
  An orc (D:3)
  8 bats
  9 hobgoblins
  7 jackals
  5 kobolds
  A quokka (D:2)
  2 ball pythons (D:3)
  A ball python skeleton (D:3)
  6 giant cockroaches
  6 giant newts
  10 goblins
  6 rats
68 creatures vanquished.

Notes
Turn   | Place    | Note
--------------------------------------------------------------
     0 | D:1      | Adamkad1 the Minotaur Fighter began the quest for the Orb.
     0 | D:1      | Reached XP level 1. HP: 19/19 MP: 0/0
   451 | D:1      | Reached XP level 2. HP: 27/27 MP: 1/1
   511 | D:1      | Reached skill level 4 in Armour
   953 | D:2      | Reached XP level 3. HP: 33/33 MP: 2/2
  1122 | D:2      | Found a sparkling altar of Nemelex Xobeh.
  1420 | D:2      | Reached XP level 4. HP: 38/40 MP: 3/3
  1800 | D:3      | Found an iron altar of Okawaru.
  2298 | D:3      | Found an opulent altar of Gozag.
  2455 | D:4      | Noticed Adamkad1's ghost (amateur MiFi)
  2491 | D:4      | Mangled by Adamkad1's ghost

Vault maps used:
D:1:      minmay_arrival_loop
D:2:      corexii_corridor_pit, nemelex_lonely_heart_becter
D:3:      okawaru_metal_pillars_1_2, lemuel_coloured_pillars_altar, minivault_24
D:4:      serial_shops, kennysheep_mini, first_bread, uniq_pikel

Action                   |  1- 3 |  4- 6 || total
-------------------------+-------+-------++-------
Melee: War axe           |    87 |    46 ||   133
  Use: Scroll            |    10 |       ||    10
       Potion            |     3 |     1 ||     4
  Eat: Chunk             |     2 |     1 ||     3
